AoeStats
← [YOBA] ♂️CUM♂️BACK

Arena

510631426Analyzed
2v2 RM · 17h ago on Oct 1, 2026· 14m 49s· 4 players
Game mode
Random Map
Map size
Medium (4 player)
Population
200
Speed
Normal
Resources
Standard
Victory
Conquest
Starting age
Dark Age
Ending age
Imperial Age
RankedLock teamsTeams togetherTeam positionsShared explorationLock speedFull tech treeHidden civsTurbo modeCheats
Victory
Defeat
🇷🇺 Cumans · Russia
1228
+14
1227
+14
🇺🇸 Varangians · United States
1191
-15
🇺🇸 Danes · United States
1165
-13
[YOBA] ♂️CUM♂️BACK
9:44 Feudal Age
9:54 Man-at-Arms
10:27 Double-Bit Axe
10:54 Long Swordsman
11:32 Horse Collar
[YOBA]Ermak
10:39 Feudal Age
9:53 Loom
11:19 Double-Bit Axe
12:16 Gold Mining
Hastur
10:56 Feudal Age
12:35 Double-Bit Axe
14:52 Castle Age
13:06 Gold Mining
13:24 Loom
IIIIIIIII
10:35 Feudal Age
12:28 Wheelbarrow
14:17 Castle Age
13:20 Double-Bit Axe
Connection lost

Rejoining the realm…

Still unreachable

The connection could not be restored.

Session expired

The server has moved on; the page needs a fresh start.